 Dungeon Crawl Stone Soup version 0.31-a0-142-g31f6795574 (webtiles) character file.

Game seed: 265081998072599420

122 mopl the Sneak (level 5, -2/36 HPs)
             Began as an Octopode Brigand on June 3, 2023.
             Slain by a cerulean imp
             ... wielding a +0 spear
             ... summoned by Natasha
              (6 damage)
             ... on level 3 of the Dungeon.
             The game lasted 00:02:15 (1584 turns).

mopl the Sneak (Octopode Brigand)                   Turns: 1584, Time: 00:02:16

Health: -2/36      AC:  1    Str: 11    XL:     5   Next: 6%
Magic:  5/5        EV: 13    Int: 15    God:
Gold:   71         SH:  0    Dex: 19    Spells: 4/4 levels left

rFire   . . .        a - +2 dagger
rCold   . . .        (no shield)
rNeg    . . .        (helmet restricted)
rPois   .            (no amulet)
rElec   .            d - +6 ring of dexterity
rCorr   .            k - ring of see invisible
SInv    +            (no ring)
Will    .....        (no ring)
Stlth   ++++         (no ring)
HPRegen 0.26/turn    (no ring)
MPRegen 0.09/turn    (no ring)
                     (no ring)

%: no passive effects
@: no status effects
A: almost no armour, amphibious, 8 rings, camouflage 1, gelatinous body 1,
(nimble swimmer 1), tentacles
a: no special abilities


You were on level 3 of the Dungeon.
You visited 1 branch of the dungeon, and saw 3 of its levels.

You collected 71 gold pieces.

Inventory:

Hand Weapons
 a - a +2 dagger (weapon)
 i - a +0 dagger of speed
Missiles
 b - 11 poisoned darts (quivered)
 c - 3 curare-tipped darts
 l - 4 boomerangs
Jewellery
 d - a +6 ring of dexterity (left tentacle)
 k - a ring of see invisible (right tentacle)
Scrolls
 e - 2 scrolls of identify
 f - 2 scrolls of teleportation {unknown}
Potions
 h - a potion of heal wounds
 j - a potion of haste


   Skills:
 + Level 2.8 Fighting
 - Level 2.0(2.3) Short Blades
 + Level 1.7(2.2) Long Blades
 + Level 2.8 Throwing
 + Level 2.1 Dodging
 + Level 6.1 Stealth


You had 4 spell levels left.
You didn't know any spells.
Your spell library was empty.

Dungeon Overview and Level Annotations

Branches:
Dungeon (3/15)

Altars:
Elyvilon

Annotations:
D:3 Natasha, Sigmund


Innate Abilities, Weirdness & Mutations

You cannot wear most types of armour.
You are amphibious.
You can wear up to eight rings at the same time.
Your skin changes colour to match your surroundings (Stealth+).
Your rubbery body absorbs attacks. (AC +1, EV +1)
((You are camouflaged when in or above water. (Stealth+)))
You have tentacles for arms and can constrict up to eight enemies at once.


Message History

No target in view!
No target in view!
No target in view!
b - 11 poisoned darts (gained 2)
Found a mace.
An adder comes into view.
An adder is nearby!
The adder hisses angrily.
You closely miss the adder. You grab the adder. You constrict the adder.
The adder misses you.
You hit the adder. You squeeze the adder.
You kill the adder!
You have reached level 5!
You feel stronger.
Found a white marble altar of Elyvilon.
e - 2 scrolls of identify (gained 1)
A quokka comes into view.
Natasha, Servant of Life and Death comes into view.
Natasha hisses angrily.
Found an escape hatch in the ceiling.
Found a stone staircase leading down.
Natasha mumbles some strange words.
A quokka comes into view.
Found a dagger.
Natasha casts a spell.
The quokka closely misses you.
Unknown command.
Sigmund the Dreaded comes into view.
He is wielding a +0 scythe.
The quokka barely misses you. Natasha claws you.
The cerulean imp hits you with a +0 spear. x2
Found a short sword.
The quokka bites you.
Natasha drinks a potion.
Natasha seems to speed up.
The cerulean imp hits you from afar with a +0 spear. x2
There is an escape hatch in the ceiling here.
Unknown command.
Natasha casts a spell at you. The magic dart hits you!
* * * LOW HITPOINT WARNING * * *
The quokka barely misses you.
The cerulean imp hits you from afar with a +0 spear.
You die...

#....... .
#....... ##.
#......
.r..#......
....#.....
....#...#######
#....>....)..
######..@#
......5.r#
......h5.###
@..........#
.....##.##.####
..)..#...#....#
.... #.♣.####.#
### ... #...
#.# #..# ...
##.## #.####


You could see Natasha (fast), 2 cerulean imps and 2 quokkas.

Vanquished Creatures
  Terence (D:2)
  Robin (D:1)
  2 adders
  A worm (D:3)
  6 bats
  9 endoplasms
  2 giant cockroaches
  11 goblins
  8 hobgoblins
  4 jackals (D:1)
  A kobold (D:1)
  2 quokkas
  3 ball pythons
  2 frilled lizards
  5 rats
58 creatures vanquished.

Notes
Turn   | Place    | Note
-------+----------+-------------------------------------------
     0 | D:1      | mopl the Octopode Brigand began the quest for the Orb.
     0 | D:1      | Reached XP level 1. HP: 14/14 MP: 1/1
   130 | D:1      | Reached XP level 2. HP: 19/19 MP: 2/2
   322 | D:1      | Reached XP level 3. HP: 24/24 MP: 3/3
   402 | D:1      | Reached skill level 1 in Long Blades
   708 | D:2      | Noticed Terence
   709 | D:2      | Killed Terence
   710 | D:2      | Reached XP level 4. HP: 30/30 MP: 4/4
   810 | D:2      | Noticed Robin
   895 | D:1      | Killed Robin
   982 | D:2      | Reached skill level 2 in Dodging
  1030 | D:2      | Reached skill level 6 in Stealth
  1532 | D:3      | Reached XP level 5. HP: 36/36 MP: 5/5
  1550 | D:3      | Found a white marble altar of Elyvilon.
  1579 | D:3      | Noticed Natasha
  1582 | D:3      | Noticed Sigmund
  1584 | D:3      | Slain by a cerulean imp

Illustrated notes

Levels and vault maps discovered:
D:1:      dpeg_arrival_arbitrary_c, layout_loops_ring,
          chequers_serial_rivers_micro_e
D:2:      layout_basic, uniq_terence, uniq_robin
D:3:      layout_basic, okawaru_ov_weapons_minmay, elyvilon_altar_1,
          serial_curves, eino_curves_01, eino_curves_02, uniq_sigmund,
          uniq_natasha

Skill      XL: |  1  2  3  4 |
---------------+-------------+-----
Long Blades    | 1 |  1.7
Dodging        | 2 |  2.1
Stealth        | 6 |  6.1
Fighting       | |  2.8
Short Blades   | |  2.0
Throwing       | |  2.8

Action                     |  1- 3 |  4- 6 || total
---------------------------+-------+-------++-------
  Melee: Dagger            |    59 |    38 ||    97
         Tentacles         |    13 |     4 ||    17
         Constrict         |     8 |     8 ||    16
         Punch             |       |     1 ||     1
    Use: Scroll            |       |     2 ||     2
         Potion            |       |     1 ||     1
   Stab: Sleeping          |    13 |    11 ||    24
         Distracted        |       |     1 ||     1
 Armour: Skin              |     4 |     2 ||     6
  Dodge: Dodged            |    26 |    23 ||    49

Table legend: (Time is in decaauts)
 A = Elapsed time spent in this place.
 B = Non-inter-level travel time spent in this place.
 C = Inter-level travel time spent in this place.
 D = Time resting spent in this place.
 E = Time spent auto-exploring this place.
 F = Levels seen in this place.
 G = Mean time per level.
                   A        B        C        D        E       F      G
               +--------+--------+--------+--------+--------+-----+--------+
         Total |   1575 |   1551 |     24 |    150 |   1029 |   3 |  525.0 |
       Dungeon |   1575 |   1551 |     24 |    150 |   1029 |   3 |  525.0 |
               +--------+--------+--------+--------+--------+-----+--------+

Top non-repeatable levels by time:
     D:1: 821 daAuts
     D:2: 632 daAuts
     D:3: 121 daAuts
